[Event "Runavik Open 2018"]
[Site "Runavik"]
[Date "2018.11.15"]
[Round "5"]
[White "Fjallheim, Leif Reinert"]
[Black "Hojgaard, Brandur"]
[Result "1-0"]
[ECO "A05"]
[WhiteElo "1919"]
[BlackElo "1708"]
[Annotator "NA RC"]
[PlyCount "103"]
[EventDate "2018.11.12"]
[EventType "swiss"]
[EventCountry "FAI"]
[SourceTitle "playchess.com"]
[Source "ChessBase"]
[SourceQuality "1"]
[TimeControl "40/5400+30:900+30"]

1. Nf3 Nf6 2. g3 d5 3. d3 Bf5 {[%emt 0:03:06] A06: Réti Opening:1 Nf3 d5} (3... g6 4. Bg2 Bg7 5. O-O O-O 6. Nc3 c5 7. e4 d4 8. Ne2 Nc6 9. Nd2 e5 10. h3 Ne8 11. f4 Nd6 12. g4 f5 13. exf5 gxf5 14. g5 Bd7 {1-0 (37) Nakamura,H (2777)-Hou,Y (2658) chess.com INT 2018}) 4. c4 e6 5. a3 c6 6. b3 Bd6 7. Bb2 Nbd7 8. Nc3 $146 ({Predecessor:} 8. Bg2 h6 9. O-O O-O 10. Nbd2 a5 11. Qe1 Qe7 {½-½ (20) Perich,S (1931)-Webel,J (1776) Arco 2011}) 8... O-O 9. Nh4 Bg4 10. Bg2 Qe7 11. h3 Bh5 12. Qc2 Rac8 13. Nd1 Be5 14. d4 Bb8 15. O-O c5 16. dxc5 Qxc5 17. Ne3 Bxg3 18. b4 Qc7 ({Black should play} 18... Qb6 $15 19. c5 Bxh4 20. cxb6 Rxc2 21. Nxc2 Nxb6) 19. fxg3 Qxg3 {[%emt 0:01:14] [#]} 20. Nf3 (20. Nef5 $1 $16 exf5 21. Nxf5 Rxc4 22. Qd2) 20... dxc4 21. Bc3 Bg6 22. Qc1 Ne4 23. Be1 Qc7 24. Nh4 $1 Ng3 25. Bxg3 $1 Qxg3 26. Nxg6 Qxg6 27. Nd1 ({Much worse is} 27. Nxc4 Nb6 $15) 27... Rc7 28. Nc3 Nf6 29. Qe1 ({Better is} 29. Qf4 Rfc8 30. Rad1) 29... Nd5 30. Rf3 Nxc3 31. Qxc3 Rd8 (31... Qh6 $16 {was worth a try.}) 32. Rg3 Qh6 33. a4 g6 34. Rc1 Qg7 35. Qxg7+ Kxg7 36. Rgc3 Rd4 37. e3 Rdd7 38. Rxc4 Rxc4 39. Rxc4 b6 40. Rc3 Rd1+ 41. Kf2 Rd7 42. Ke2 Kf6 43. a5 bxa5 44. bxa5 Ke7 45. a6 f5 46. Rc8 Rd8 47. Rc7+ Rd7 48. Rb7 Kd6 49. Rb8 Kc7 50. Re8 Kd6 51. Bb7 $18 Kc7 52. Rxe6 1-0

[Event "Runavik Open 2018"]
[Site "Runavik"]
[Date "2018.11.15"]
[Round "5"]
[White "Berg, Margar M."]
[Black "Markensten, Max"]
[Result "1-0"]
[ECO "D00"]
[WhiteElo "1852"]
[BlackElo "1660"]
[Annotator "NA RC"]
[PlyCount "123"]
[EventDate "2018.11.12"]
[EventType "swiss"]
[EventCountry "FAI"]
[SourceTitle "playchess.com"]
[Source "ChessBase"]
[SourceQuality "1"]
[TimeControl "40/5400+30:900+30"]

1. d4 d5 2. Bg5 h6 3. Bf4 Nf6 {[%emt 0:00:45] D00: 1 d4 d5: Unusual lines} (3... c5 4. e3 Nc6 5. Nf3 Nf6 6. Nc3 Bg4 7. Be2 e6 8. O-O Be7 9. h3 Bxf3 10. Bxf3 cxd4 11. exd4 {½-½ (55) Nakamura,H (2775)-Sargissian,G (2686) Dubai 2014}) 4. Nf3 Bf5 5. g3 e6 6. Bg2 Be7 $146 ({Predecessor:} 6... c5 7. c3 Nc6 8. Ne5 Nxe5 9. dxe5 Nd7 10. c4 Nb6 11. cxd5 exd5 12. O-O Be7 13. Nc3 {0-1 (45) Tran,D (2008)-Pham,M (2025) Ho Chi Minh 2017}) 7. O-O Nbd7 8. c4 c6 9. Nc3 O-O 10. a3 Rc8 11. c5 b6 12. b4 Re8 13. Ne5 Nxe5 14. Bxe5 Nd7 15. f4 f6 (15... Nxe5 $17 16. fxe5 Bg5) 16. e4 dxe4 17. Nxe4 (17. Bd6 $15) 17... fxe5 18. fxe5 Nxe5 $2 ({Black should try} 18... bxc5 $19 19. bxc5 Qa5) 19. dxe5 Qxd1 20. Rfxd1 Bxe4 21. Bxe4 bxc5 22. Kg2 cxb4 23. axb4 c5 (23... Rc7 $11) 24. Rxa7 (24. Rd7 $14) 24... cxb4 25. Bg6 Red8 26. Rf1 Rd2+ 27. Kh3 Rf8 28. Rc1 Bd8 29. Rb7 Rd5 30. Re1 Ba5 31. Be4 Rc5 32. Bb1 Rc7 33. Rb5 Ra8 $2 (33... b3 $11 {and Black has nothing to worry.} 34. Rxa5 b2) 34. Bg6 $2 ({White must play} 34. Be4 $18 Re8 35. Rxa5) 34... Rd7 35. Rc1 Rd5 36. Rxd5 exd5 37. Rd1 Rd8 38. Rf1 Bc7 39. e6 Bd6 40. Rf7 Re8 $2 (40... Bc5 $11 {and Black is okay.}) 41. Rd7 Rxe6 42. Bf7+ {[%emt 0:00:29] Double Attack} Kf8 43. Bxe6 Be5 44. Rxd5 Bc3 45. Rb5 Ke7 46. Bb3 Kf6 47. Kg4 Ke7 48. Kh5 Kf6 49. Rb6+ Kf5 50. Bc2+ $2 (50. Rb7 Ke4 51. Kg4) 50... Ke5 51. Kg6 Kd5 52. Rb7 Ke6 53. g4 Kd5 54. h4 Ke6 55. h5 Kd5 56. Rxg7 Bxg7 57. Kxg7 Ke6 58. Kxh6 Kf7 59. g5 Kg8 60. g6 Kh8 61. g7+ Kg8 62. Bb3# 1-0

[Event "Runavik Open 2018"]
[Site "Runavik"]
[Date "2018.11.15"]
[Round "5"]
[White "Skaale, Janus"]
[Black "Nielsen, Jon I Horni"]
[Result "1-0"]
[ECO "C54"]
[WhiteElo "1839"]
[BlackElo "1710"]
[Annotator "NA RC"]
[PlyCount "95"]
[EventDate "2018.11.12"]
[EventType "swiss"]
[EventCountry "FAI"]
[SourceTitle "playchess.com"]
[Source "ChessBase"]
[SourceQuality "1"]
[TimeControl "40/5400+30:900+30"]

1. e4 e5 2. Nf3 Nc6 3. Bc4 Bc5 4. c3 Nf6 5. d3 d6 6. Nbd2 Bg4 {[%emt 0:04:17] C54: Giuoco Piano: 4 c3 Nf6, main lines with 5 d4 and 5 d3} (6... a6 7. Bb3 h6 8. Nf1 d5 9. exd5 Nxd5 10. Ng3 O-O 11. O-O Re8 12. Re1 Nf6 13. h3 Be6 14. Bc2 Bd5 15. Nh4 {½-½ (43) Duda,J (2739)-Mamedyarov,S (2820) Batumi 2018}) 7. h3 Bh5 8. Nf1 h6 9. Ng3 Bg6 10. O-O O-O 11. Re1 Re8 12. a4 a6 13. b4 Bb6 14. Be3 $146 ({Predecessor:} 14. Qb3 Re7 15. Nh4 Bh7 {1-0 (24) Meric,G (1510)-Gheng,D (1690) Willingen 2015}) 14... Nd7 15. a5 Bxe3 16. fxe3 Nf6 17. Qb3 Qd7 18. Nh4 Ne7 (18... Kh7 $16) 19. Rf1 c6 20. Nxg6 Nxg6 {[%emt 0:00:12] [#]} 21. Nh5 (21. Rxf6 $142 $1 gxf6 22. Rf1) 21... Qe7 (21... Rad8 $142 22. Qd1 (22. Nxf6+ gxf6 23. Qd1 d5 $16) (22. Rxf6 d5 $16) 22... d5) 22. Nxf6+ ({Resist} 22. Rxf6 $6 gxf6 23. Rf1 Rf8) 22... gxf6 23. Ra2 Kg7 24. Raf2 Rf8 25. Qd1 ({But not} 25. Rxf6 $6 Qxf6 26. Rxf6 Kxf6 $18) 25... Rad8 26. Qf3 ({Less strong is} 26. Rxf6 Qxf6 27. Rxf6 Kxf6 $18) 26... d5 27. exd5 cxd5 28. Bxd5 Rd6 $2 (28... f5 29. d4 (29. Bxb7 e4 $14) 29... f6) 29. Bc4 (29. c4 $142) 29... Rc8 30. Qg4 Rh8 31. Rf5 Kh7 32. Qe4 Rg8 33. h4 Kg7 34. h5 Nf8 35. d4 Nd7 36. dxe5 Nxe5 37. Bxf7 Nf3+ 38. Qxf3 Kxf7 39. Qf4 Kg7 40. e4 Re6 41. e5 Rxe5 42. Rxf6 Kh8 43. Rxh6+ Kg7 44. Rg6+ Kh8 45. Qh6+ Qh7 46. Qxh7+ Kxh7 47. Rf7+ Kh8 48. Rh6# 1-0

[Event "Runavik Open 2018"]
[Site "Runavik"]
[Date "2018.11.15"]
[Round "5"]
[White "Nielsen, Suni I Horni"]
[Black "Pinheiro Diamant, Jonatan"]
[Result "1/2-1/2"]
[ECO "C49"]
[WhiteElo "1563"]
[BlackElo "1789"]
[Annotator "NA RC"]
[PlyCount "111"]
[EventDate "2018.11.12"]
[EventType "swiss"]
[EventCountry "FAI"]
[SourceTitle "playchess.com"]
[Source "ChessBase"]
[SourceQuality "1"]
[TimeControl "40/5400+30:900+30"]

1. e4 e5 2. Nf3 Nc6 3. Nc3 Nf6 4. Bb5 Bb4 5. d3 Nd4 6. Bc4 d5 7. exd5 Nxd5 8. Bd2 Nxf3+ 9. Qxf3 Nf6 10. a3 Be7 11. Ne4 O-O 12. O-O c6 13. Bc3 Qc7 14. Rfe1 Nd5 15. Bd2 Be6 16. Qg3 Nf4 17. Rad1 Bxc4 18. dxc4 Ng6 19. Bc3 Rad8 20. Rxd8 Rxd8 21. h3 f5 22. Ng5 Bxg5 23. Qxg5 Rf8 24. Qe3 f4 25. Qxa7 f3 26. g3 Qd7 27. Kh2 Qf5 28. Qxb7 Nf4 29. g4 Qxc2 30. Qb6 Nd3 31. Rf1 c5 32. Qe6+ Rf7 33. Qe8+ Rf8 34. Qe6+ Kh8 35. Bxe5 Nxf2 36. Bxg7+ Kxg7 37. Qe5+ Rf6 38. Qg5+ Kf7 39. Qd5+ Kg6 40. Qh5+ Kg7 41. Qg5+ Kf7 42. Qd5+ Ke8 43. Qa8+ Ke7 44. Qb7+ Kf8 45. Qc8+ Kg7 46. Qc7+ Kg6 47. Kg3 Ne4+ 48. Kh4 Qe2 49. Qe5 Qxf1 50. Qxe4+ Kg7 51. Qe7+ Rf7 52. Qg5+ Kh8 53. Qd8+ Kg7 54. Qg5+ Kf8 55. Qd8+ Kg7 56. Qg5+ 1/2-1/2

[Event "Runavik Open 2018"]
[Site "Runavik"]
[Date "2018.11.15"]
[Round "5"]
[White "Fjallheim, Benjamin Reinert"]
[Black "Jacobsen, Markus"]
[Result "1-0"]
[ECO "C02"]
[WhiteElo "1340"]
[BlackElo "1076"]
[Annotator "NA RC"]
[PlyCount "52"]
[EventDate "2018.11.12"]
[EventType "swiss"]
[EventCountry "FAI"]
[SourceTitle "playchess.com"]
[Source "ChessBase"]
[SourceQuality "1"]
[TimeControl "40/5400+30:900+30"]

1. e4 e6 2. d4 d5 3. e5 c5 4. c3 Nc6 5. Nf3 c4 6. Be2 Nge7 7. Nbd2 g6 8. Nf1 Bg7 9. Ng3 O-O 10. Bg5 f6 11. exf6 Bxf6 12. Bh6 Rf7 13. h4 Nf5 14. Nxf5 exf5 15. Qd2 Bg7 16. O-O-O Qf8 17. Bxg7 Rxg7 18. Ne5 Nxe5 19. dxe5 Rd7 20. Bf3 Qe8 21. Bxd5+ Kh8 22. Qd4 h5 23. e6+ Rg7 24. Qxc4 Rb8 25. Rhe1 b5 26. Qc6 Ra8 1-0

[Event "Runavik Open 2018"]
[Site "Runavik"]
[Date "2018.11.16"]
[Round "6"]
[White "Schadd, Jan"]
[Black "Fjallheim, Leif Reinert"]
[Result "1-0"]
[ECO "A05"]
[WhiteElo "1842"]
[BlackElo "1919"]
[Annotator "NA RC"]
[PlyCount "61"]
[EventDate "2018.11.12"]
[EventType "swiss"]
[EventCountry "FAI"]
[SourceTitle "playchess.com"]
[Source "ChessBase"]
[SourceQuality "1"]
[TimeControl "40/5400+30:900+30"]

1. Nf3 Nf6 2. g3 g6 3. Bg2 Bg7 4. d4 d6 {[%emt 0:00:40] A49: 1 d4 Nf6 2 Nf3 g6 3 g3: Anti-King's Indian systems} (4... O-O 5. O-O d6 6. b3 a5 7. Bb2 a4 8. c4 c6 9. e3 Bg4 10. h3 Bxf3 11. Bxf3 Nbd7 12. Nc3 a3 13. Bc1 e5 14. dxe5 Nxe5 15. Bg2 {1-0 (42) Giri,A (2782)-Aronian,L (2767) chess.com INT 2018}) 5. Nc3 O-O 6. Bg5 c6 7. e4 b5 $146 ({Predecessor:} 7... Qa5 8. O-O Bg4 9. Qc1 Nbd7 10. h3 Bxf3 11. Bxf3 Rfc8 12. a3 Qd8 {1-0 (47) Pilotte,B (1755)-Duclos,A (1875) Sherbrooke 2004}) 8. e5 Nd5 9. Nxd5 cxd5 10. exd6 Qxd6 11. O-O Bg4 12. Qd3 Bxf3 13. Bxf3 Qd7 14. c3 a6 15. a4 b4 16. c4 Nc6 17. Bxd5 Bxd4 {[%emt 0:03:37] [#]} (17... Nxd4 $16 {was called for.} 18. Bxa8 Rxa8) 18. Rad1 $1 e5 19. Qe4 (19. Qf3 $18 Rac8 20. Bh6) 19... Rac8 20. Bf6 Qf5 ({Better is} 20... Bxb2 $14 21. f4 Qf5 22. Qxf5 gxf5) 21. Qh4 h5 {[%emt 0:07:52] [#]} (21... Qh5 $16) 22. h3 $1 g5 $2 (22... Bb6 23. Be4 Qe6) 23. Bxg5 Qg6 24. Bf6 Nd8 25. Be4 Qh6 26. g4 Qf4 27. Qxh5 Bxf2+ 28. Rxf2 Qg3+ 29. Kh1 Qh2+ 30. Kxh2 Ne6 31. Qh7# 1-0

[Event "Runavik Open 2018"]
[Site "Runavik"]
[Date "2018.11.16"]
[Round "6"]
[White "Pinheiro Diamant, Jonatan"]
[Black "Nielsen, Jon I Horni"]
[Result "1-0"]
[ECO "C78"]
[WhiteElo "1789"]
[BlackElo "1710"]
[Annotator "NA RC"]
[PlyCount "81"]
[EventDate "2018.11.12"]
[EventType "swiss"]
[EventCountry "FAI"]
[SourceTitle "playchess.com"]
[Source "ChessBase"]
[SourceQuality "1"]
[TimeControl "40/5400+30:900+30"]

1. e4 e5 2. Nf3 Nc6 3. Bb5 a6 4. Ba4 b5 5. Bb3 Nf6 6. O-O d6 7. Ng5 d5 8. exd5 Nd4 9. Nc3 Bd6 10. Re1 O-O 11. Nce4 h6 12. Nxd6 cxd6 13. Ne4 Nxe4 14. Rxe4 f5 15. Rxd4 exd4 16. d3 Qh4 17. g3 Qf6 18. Bd2 Bd7 19. Qf3 Rae8 20. Bb4 g5 21. a4 f4 22. axb5 axb5 23. Ra6 Bh3 24. g4 Ra8 25. Ra3 Rae8 26. Qxh3 f3 27. Ra6 Qf4 28. Rxd6 Ra8 29. Re6 Ra1+ 30. Re1 Rfa8 31. Qh5 Kh7 32. h3 Rxe1+ 33. Bxe1 Ra1 34. Qe8 Qd2 35. Kf1 Rd1 36. d6 Qe2+ 37. Qxe2 fxe2+ 38. Kxe2 Ra1 39. d7 Ra8 40. Be6 Rd8 41. Ba5 1-0

[Event "Runavik Open 2018"]
[Site "Runavik"]
[Date "2018.11.16"]
[Round "6"]
[White "Olsen, Kaj"]
[Black "Fjallheim, Benjamin Reinert"]
[Result "0-1"]
[ECO "C70"]
[WhiteElo "1718"]
[BlackElo "1340"]
[Annotator "NA RC"]
[PlyCount "62"]
[EventDate "2018.11.12"]
[EventType "swiss"]
[EventCountry "FAI"]
[SourceTitle "playchess.com"]
[Source "ChessBase"]
[SourceQuality "1"]
[TimeControl "40/5400+30:900+30"]

1. e4 e5 2. Nf3 Nc6 3. Bb5 a6 4. Ba4 b5 5. Bb3 Nf6 6. O-O Bc5 7. c3 d6 8. h3 O-O 9. d4 Ba7 10. Bg5 h6 11. Bh4 Bb7 12. Re1 Re8 13. dxe5 Nxe5 14. Nbd2 Nd3 15. Bxf6 Bxf2+ 16. Kf1 Qxf6 17. Re2 Ba7 18. Qc2 Nf4 19. Ree1 c5 20. c4 Ne6 21. Kg1 Nd4 22. Qd3 Nxf3+ 23. Nxf3 Qxb2 24. Qxd6 Bxe4 25. Qxa6 Bxf3 26. gxf3 Qd4+ 27. Kh1 Rxe1+ 28. Rxe1 Qf2 29. Rg1 Qxf3+ 30. Rg2 Qf1+ 31. Kh2 Bb8+ 0-1

[Event "Runavik Open 2018"]
[Site "Runavik"]
[Date "2018.11.16"]
[Round "6"]
[White "Hojgaard, Brandur"]
[Black "Tummasarson, Flovin M."]
[Result "1-0"]
[ECO "D02"]
[WhiteElo "1708"]
[BlackElo "1378"]
[Annotator "NA RC"]
[PlyCount "91"]
[EventDate "2018.11.12"]
[EventType "swiss"]
[EventCountry "FAI"]
[SourceTitle "playchess.com"]
[Source "ChessBase"]
[SourceQuality "1"]
[TimeControl "40/5400+30:900+30"]

1. Nf3 Nf6 2. d4 d5 3. Bf4 e6 4. e3 c5 5. c3 Nc6 6. Nbd2 Bd7 7. Bd3 Be7 8. h3 O-O 9. Qe2 c4 10. Bc2 b5 11. O-O Qb6 12. e4 b4 13. e5 Ne8 14. Ng5 Bxg5 15. Bxg5 f6 16. exf6 Nxf6 17. Nf3 bxc3 18. bxc3 Qc7 19. Qe3 Nh5 20. Rfe1 Rab8 21. Qd2 Kh8 22. Rab1 Rxb1 23. Bxb1 a5 24. Qc2 g6 25. Qd2 Qb8 26. Bh6 Rf7 27. Bc2 Nf4 28. Rb1 Qc7 29. Ng5 Rf6 30. Nf3 Nxh3+ 31. Kf1 Nf4 32. Ba4 Nd3 33. Bc2 Nf4 34. Qe3 Kg8 35. Ne5 Nh5 36. Nxd7 Qxd7 37. Ba4 Qd6 38. Bxc6 Qxc6 39. Rb8+ Kf7 40. g4 Ng7 41. Qe5 Ne8 42. Bg5 Rf3 43. Kg2 Rxc3 44. Qh8 Rc2 45. Qxh7+ Ng7 46. Qg8# 1-0

[Event "Runavik Open 2018"]
[Site "Runavik"]
[Date "2018.11.16"]
[Round "6"]
[White "Markensten, Max"]
[Black "Apol, Luitjen Akselsson"]
[Result "1-0"]
[ECO "E97"]
[WhiteElo "1660"]
[BlackElo "1735"]
[Annotator "NA RC"]
[PlyCount "99"]
[EventDate "2018.11.12"]
[EventType "swiss"]
[EventCountry "FAI"]
[SourceTitle "playchess.com"]
[Source "ChessBase"]
[SourceQuality "1"]
[TimeControl "40/5400+30:900+30"]

1. d4 Nf6 2. c4 g6 3. Nc3 Bg7 4. e4 d6 5. Nf3 O-O 6. Be2 e5 7. O-O Nc6 8. d5 Ne7 9. b4 Ne8 10. Nd2 f5 11. c5 f4 12. f3 Rf7 13. Nc4 Bf8 14. Ba3 g5 15. b5 Ng6 16. Na4 h5 17. b6 dxc5 18. Nxc5 Bxc5+ 19. Bxc5 axb6 20. Bb4 b5 21. Nb2 c6 22. dxc6 Qb6+ 23. Kh1 bxc6 24. Nd3 Ng7 25. Bd6 Qd4 26. Nxe5 Qxd1 27. Bxd1 Nxe5 28. Bxe5 Be6 29. Bb3 Bxb3 30. axb3 Rff8 31. h4 Rxa1 32. Rxa1 gxh4 33. Ra6 Rd8 34. Rxc6 Rd3 35. Rg6 Rd7 36. Bxf4 Kf7 37. Rd6 Rb7 38. Kh2 Ne6 39. Bd2 Ke7 40. Rd5 Ng7 41. Kh3 Kf7 42. Kxh4 Ke7 43. Bc3 Ne6 44. Rxh5 Kd6 45. g4 b4 46. Bd2 Nc5 47. g5 Nxb3 48. Be3 Na1 49. Bd4 Nc2 50. Rh6+ 1-0

[Event "Runavik Open 2018"]
[Site "Runavik"]
[Date "2018.11.16"]
[Round "6"]
[White "Jacobsen, Markus"]
[Black "Petersen, Elias"]
[Result "1-0"]
[ECO "C23"]
[WhiteElo "1076"]
[BlackElo "1045"]
[Annotator "NA RC"]
[PlyCount "55"]
[EventDate "2018.11.12"]
[EventType "swiss"]
[EventCountry "FAI"]
[SourceTitle "playchess.com"]
[Source "ChessBase"]
[SourceQuality "1"]
[TimeControl "40/5400+30:900+30"]

1. e4 e5 2. Nf3 Nc6 3. Bc4 Bc5 4. c3 d6 5. d4 exd4 6. cxd4 Bb6 7. O-O Bg4 8. h3 Bh5 9. Re1 h6 10. Bb5 d5 11. exd5+ Nge7 12. dxc6 O-O 13. cxb7 Rb8 14. b3 Nf5 15. Ba3 c5 16. g4 Bxg4 17. hxg4 Nd6 18. dxc5 Nxb5 19. cxb6 Nxa3 20. Nxa3 Qxb6 21. g5 hxg5 22. Nxg5 Qg6 23. f4 f6 24. Qd5+ Kh8 25. Re6 Rfd8 26. Qc4 Qh5 27. Kg2 fxg5 28. Rh1 1-0

[Event "Runavik Open 2018"]
[Site "Runavik"]
[Date "2018.11.17"]
[Round "7"]
[White "Fjallheim, Leif Reinert"]
[Black "Berg, Margar M."]
[Result "0-1"]
[ECO "A09"]
[WhiteElo "1919"]
[BlackElo "1852"]
[Annotator "NA RC"]
[PlyCount "88"]
[EventDate "2018.11.12"]
[EventType "swiss"]
[EventCountry "FAI"]
[SourceTitle "playchess.com"]
[Source "ChessBase"]
[SourceQuality "1"]
[TimeControl "40/5400+30:900+30"]

1. Nf3 d5 2. c4 dxc4 3. e3 Nc6 4. Bxc4 Nf6 5. d4 e6 6. O-O Bd6 7. Nc3 O-O {[%emt 0:02:18] LiveBook: 48 Games} 8. a3 b6 {[%emt 0:01:54] E51: Nimzo-Indian: Rubinstein: 4...0-0 5 Nf3 d5} (8... a6 $14 9. h3 e5 10. Qc2 Qe8 11. Ba2 Bd7 12. Bd2 exd4 13. exd4 Qc8 14. Ne4 Nxe4 15. Qxe4 Bf5 16. Qh4 Bg6 17. Rfe1 Qf5 18. d5 {½-½ (49) Rusev,K (2548)-Barrientos,S (2465) Baku 2016}) 9. Re1 e5 $146 ({Predecessor:} 9... Bb7 10. b4 h6 11. Bb2 Ne7 12. e4 Bf4 13. g3 Bg5 14. h4 Bxh4 15. Nxh4 Rc8 {1-0 (29) Hoshino,K (1618)-De Souza,M (1751) Sao Bernardo do Campo 2013}) 10. Nb5 e4 11. Nxd6 Qxd6 12. Nd2 $1 Ng4 13. Nf1 Na5 14. Ba2 Qg6 15. b4 Nb7 16. Qc2 c6 17. Bb2 Bd7 18. Rac1 Rac8 19. Qe2 b5 (19... Nd6 $11) 20. Rc2 Be6 21. d5 cxd5 22. Rxc8 Rxc8 {[%emt 0:01:04] [#]} 23. Qxb5 ({White should try} 23. Rd1 $1 $16) 23... Nd6 24. Qe2 h5 25. h3 Nf6 26. Kh2 Nc4 27. Rc1 h4 28. Bxc4 dxc4 29. Nd2 Qf5 30. f3 ({Much weaker is} 30. Nxc4 $6 Qb5 $11) (30. Bd4 $14) 30... exf3 31. Nxf3 Ne4 32. Nd4 Qe5+ 33. Kg1 c3 34. Nxe6 Qxe6 35. Ba1 Qb3 (35... Qd7 $19 {and Black stays clearly on top.} 36. Qc2 f5) 36. Qa6 $2 (36. Qg4 $17 Qc4 37. Rd1) 36... Rd8 37. Rf1 (37. Kh2 $142 Qd5 38. Qf1) 37... Ng3 38. Bxc3 Nxf1 39. Qxf1 Qxc3 40. Qf4 Qf6 (40... Rd1+ $142 41. Kf2 Qc2+ 42. Kf3 Rf1+ {[%mdl 64] Skewer} 43. Kg4 Qxg2+ 44. Kxh4 Rxf4+ 45. exf4 Qf3 46. f5 Qf4+ 47. Kh5 f6 48. h4 Qxf5#) 41. Qg4 Qe6 42. Qxh4 Rd1+ 43. Kh2 Qe5+ 44. g3 Qb2# 0-1

[Event "Runavik Open 2018"]
[Site "Runavik"]
[Date "2018.11.17"]
[Round "7"]
[White "Skaale, Janus"]
[Black "Pinheiro Diamant, Jonatan"]
[Result "1/2-1/2"]
[ECO "C55"]
[WhiteElo "1839"]
[BlackElo "1789"]
[Annotator "NA RC"]
[PlyCount "61"]
[EventDate "2018.11.12"]
[EventType "swiss"]
[EventCountry "FAI"]
[SourceTitle "playchess.com"]
[Source "ChessBase"]
[SourceQuality "1"]
[TimeControl "40/5400+30:900+30"]

1. e4 e5 2. Nf3 Nc6 3. Bc4 Nf6 4. d3 h6 5. h3 d6 {[%emt 0:02:01] C55: Two Knights: 4 d3, 4 d4 exd4 5 e5 and Max Lange Attack} 6. a4 {[%emt 0:01:53] LiveBook: 5 Games} a5 (6... g6 7. Nc3 Bg7 8. Be3 O-O 9. Qd2 Kh7 10. g4 Ne8 11. O-O-O Be6 12. Kb1 a6 {0-1 (62) David,A (2572)-Sivuk,V (2509) Paleochora 2016}) 7. Nc3 g6 $146 ({Predecessor:} 7... Bd7 8. Be3 Nb4 9. Ne2 c5 10. c3 Nc6 11. Qb3 {1-0 (33) Draaisma,G (1405)-Cox,R St Peter Port 2003}) 8. Be3 Bg7 9. g4 Qe7 10. Qd2 g5 (10... Be6 $11) 11. O-O-O Be6 12. Qe2 (12. Bb5 $16) 12... O-O-O 13. d4 d5 $1 14. exd5 Nxd5 15. Nxd5 Bxd5 16. Bxd5 Rxd5 17. dxe5 Rhd8 18. Rxd5 Rxd5 19. Rd1 Rxd1+ 20. Qxd1 Nxe5 21. Nxe5 Qxe5 22. c3 f5 23. gxf5 Qxf5 24. Qg4 Qd7 $1 25. Qe4 Kb8 26. Qc4 b6 27. h4 g4 (27... gxh4 $11 28. Qxh4 Qe6) 28. Qg8+ Kb7 {[%emt 0:00:54] [#]} 29. Qh7 $1 Kc8 30. Qg8+ ({Better is} 30. h5 $16) 30... Kb7 $11 31. Qh7 1/2-1/2

[Event "Runavik Open 2018"]
[Site "Runavik"]
[Date "2018.11.17"]
[Round "7"]
[White "Apol, Luitjen Akselsson"]
[Black "Hojgaard, Brandur"]
[Result "1-0"]
[ECO "C82"]
[WhiteElo "1735"]
[BlackElo "1708"]
[Annotator "NA RC"]
[PlyCount "65"]
[EventDate "2018.11.12"]
[EventType "swiss"]
[EventCountry "FAI"]
[SourceTitle "playchess.com"]
[Source "ChessBase"]
[SourceQuality "1"]
[TimeControl "40/5400+30:900+30"]

1. e4 e5 2. Nf3 Nc6 3. Bb5 a6 4. Ba4 Nf6 5. O-O Nxe4 6. d4 b5 7. Bb3 d5 8. dxe5 Be6 9. c3 Bc5 10. Nbd2 Nxd2 11. Bxd2 Na5 12. Bc2 Nc4 13. Bg5 Be7 14. Bxe7 Qxe7 15. b3 Nb6 16. Nd4 c5 17. Ne2 O-O 18. Ng3 g6 19. f4 f5 20. exf6 Rxf6 21. Qd2 Raf8 22. Rae1 Qd7 23. Re5 Qf7 24. Qf2 Qc7 25. Qe2 Qd7 26. f5 Bxf5 27. Nxf5 gxf5 28. Rexf5 Rxf5 29. Bxf5 Qd6 30. Qh5 h6 31. Re1 Qf6 32. Re6 Qxf5 33. Rg6+ 1-0

[Event "Runavik Open 2018"]
[Site "Runavik"]
[Date "2018.11.17"]
[Round "7"]
[White "Nielsen, Jon I Horni"]
[Black "Olsen, Kaj"]
[Result "1-0"]
[ECO "C42"]
[WhiteElo "1710"]
[BlackElo "1718"]
[Annotator "NA"]
[PlyCount "153"]
[EventDate "2018.11.12"]
[EventType "swiss"]
[EventCountry "FAI"]
[SourceTitle "playchess.com"]
[Source "ChessBase"]
[SourceQuality "1"]
[TimeControl "40/5400+30:900+30"]

1. e4 e5 2. Nf3 Nf6 3. d3 Nc6 4. Nc3 Bb4 5. Be2 d5 6. exd5 Nxd5 7. Bd2 O-O 8. O-O Re8 9. Ne4 f5 10. Ng3 Qd6 11. c3 Bc5 12. Qc2 g6 13. Rad1 a5 14. a3 Nf4 15. Be3 Ne6 16. Bxc5 Qxc5 17. Qb3 a4 18. Qa2 Kg7 19. Qb1 b6 20. Qc1 Nf4 21. d4 Nxe2+ 22. Nxe2 Qb5 23. c4 Qb3 24. d5 Na5 25. Nd2 Qd3 26. Ng3 Ba6 27. Nde4 Qxc4 28. Qg5 fxe4 29. Nf5+ Kg8 30. Nh6+ Kg7 31. Rc1 Qxf1+ 32. Rxf1 Bxf1 33. Kxf1 Nc4 34. Ng4 Rf8 35. Nxe5 Nxe5 36. Qxe5+ Kh6 37. Qxe4 Rad8 38. Qxa4 Rxd5 39. Qh4+ Kg7 40. Qe7+ Rf7 41. Qe2 Rfd7 42. g3 Rf7 43. Kg2 Rfd7 44. h4 Rd3 45. Qe5+ Kg8 46. h5 R3d5 47. Qe8+ Kg7 48. hxg6 hxg6 49. a4 Rf7 50. Qe3 Rdf5 51. f4 Ra5 52. b3 Raf5 53. Qd4+ Kh7 54. Qe4 Kg7 55. b4 Kh7 56. Qe3 c5 57. bxc5 Rxc5 58. Qb3 Rf6 59. Kh3 Rh5+ 60. Kg4 Rc5 61. Qb4 Kh6 62. Qd2 Kg7 63. Qd4 Kf7 64. Qd7+ Kf8 65. Kf3 Rcf5 66. Ke4 Kg8 67. Qc7 Ra5 68. Qd7 Raf5 69. Qe7 Ra5 70. Qxf6 Rxa4+ 71. Kf3 Kh7 72. Qxb6 Kh6 73. Kg4 Re4 74. Qf6 Kh7 75. Kg5 Ra4 76. Qxg6+ Kh8 77. Qe8+ 1-0

[Event "Runavik Open 2018"]
[Site "Runavik"]
[Date "2018.11.17"]
[Round "7"]
[White "Nielsen, Suni I Horni"]
[Black "Petersen, Elias"]
[Result "1-0"]
[ECO "C50"]
[WhiteElo "1563"]
[BlackElo "1045"]
[Annotator "NA RC"]
[PlyCount "37"]
[EventDate "2018.11.12"]
[EventType "swiss"]
[EventCountry "FAI"]
[SourceTitle "playchess.com"]
[Source "ChessBase"]
[SourceQuality "1"]
[TimeControl "40/5400+30:900+30"]

1. e4 e5 2. Nf3 Nc6 3. Bc4 a6 4. d3 Bc5 5. Nc3 h6 6. Be3 Bxe3 7. fxe3 d6 8. h3 Nf6 9. O-O O-O 10. Nh4 Nxe4 11. Ng6 Bxh3 12. Qf3 Nd2 13. Bxf7+ Kh7 14. Nxf8+ Kh8 15. Ng6+ Kh7 16. Qxh3 Nxf1 17. Qf5 Nxe3 18. Nf8+ Kh8 19. Qh7# 1-0

[Event "Runavik Open 2018"]
[Site "Runavik"]
[Date "2018.11.17"]
[Round "7"]
[White "Tummasarson, Flovin M."]
[Black "Jacobsen, Markus"]
[Result "1-0"]
[ECO "C01"]
[WhiteElo "1378"]
[BlackElo "1076"]
[Annotator "NA RC"]
[PlyCount "73"]
[EventDate "2018.11.12"]
[EventType "swiss"]
[EventCountry "FAI"]
[SourceTitle "playchess.com"]
[Source "ChessBase"]
[SourceQuality "1"]
[TimeControl "40/5400+30:900+30"]

1. e4 e6 2. d4 d5 3. exd5 exd5 4. c4 c6 5. Nf3 g6 6. Nc3 Bg7 7. Be2 Bg4 8. c5 Ne7 9. Be3 Nf5 10. O-O O-O 11. h3 Nxe3 12. fxe3 Be6 13. Re1 Nd7 14. Qd2 Qe7 15. Rab1 Bh6 16. Bd3 Nf6 17. Qf2 Bd7 18. Ne5 Nh5 19. Re2 Bc8 20. Rbe1 Qg5 21. Kh2 f5 22. Nf3 Qd8 23. b4 Qc7+ 24. Kg1 f4 25. Nd1 fxe3 26. Nxe3 Nf4 27. Rd2 Bxh3 28. Qh4 Nxg2 29. Rxg2 Bxg2 30. Kxg2 Bxe3 31. Rxe3 Qf7 32. Ng5 Qg7 33. Ne6 g5 34. Qg3 Qf7 35. Nxf8 Rxf8 36. Qxg5+ Kh8 37. Qe5+ 1-0